 Dungeon Crawl Stone Soup version 0.19-a0-1170-g18f0c96 (webtiles) character file.

952 Ijustatesigmund the Cudgeler (level 7, 0/57 HPs)
             Began as a Demonspawn Fighter on Aug 15, 2016.
             Was an Initiate of Makhleb.
             Succumbed to an orc wizard's poison
             ... on level 7 of the Dungeon on Aug 17, 2016.
             The game lasted 00:12:33 (4715 turns).

Ijustatesigmund the Cudgeler (Demonspawn Fighter)   Turns: 4715, Time: 00:12:34

Health: 0/57       AC: 10    Str: 16    XL:     7   Next: 90%
Magic:  9/9        EV:  7    Int:  9    God:    Makhleb [......]
Gold:   193        SH:  9    Dex: 15    Spells: 0 memorised, 6 levels left

rFire  . . .     SeeInvis .     y - +4 flail
rCold  . . .     Gourm    .     p - +1 ring mail {MR+}
rNeg   . . .     Faith    .     c - +0 shield
rPois  .         Spirit   .     (no helmet)
rElec  .         Dismiss  .     i - +1 cloak
rCorr  .         Reflect  .     (no gloves)
MR     +....     Harm     .     (no boots)
Stlth  +.........               l - amulet of magic regeneration
                                (no ring)
                                (no ring)

@: lethally poisoned (0 -> -34)
A: talons 1, molten scales 1
a: Renounce Religion


You were on level 7 of the Dungeon.
You worshipped Makhleb.
Makhleb was noncommittal.
You were hungry.

You visited 2 branches of the dungeon, and saw 8 of its levels.

You collected 193 gold pieces.

Inventory:

Hand Weapons
 a - a +0 flail
 t - a +1 flail of crushing
 y - a +4 flail (weapon)
Armour
 c - a +0 shield (worn)
 i - a +1 cloak (worn)
 k - a +0 chain mail
 p - a +1 ring mail of magic resistance (worn)
Jewellery
 l - an amulet of magic regeneration (around neck)
Scrolls
 m - a scroll of teleportation
 r - 2 scrolls of remove curse
 u - 2 scrolls of recharging
 v - 2 scrolls of fog
Potions
 b - a potion of mutation
 d - 2 potions of might
 e - a potion of agility {unknown}
 g - a potion of curing
 h - a potion of lignification
 q - a potion of flight
 x - a potion of heal wounds
Books
 o - a book of Battle

   Spells                             Type                      Level
   a - Infusion                       Charms                       1
   b - Shroud of Golubria             Charms/Translocation         2
   c - Song of Slaying                Charms                       2
   d - Spectral Weapon                Hexes/Charms                 3
   e - Regeneration                   Charms/Necromancy            3
Comestibles
 f - 3 bread rations
 j - a meat ration
 n - 2 slices of pizza
 s - 4 fruits


   Skills:
 - Level 5.8 Fighting
 - Level 6.6 Maces & Flails
 - Level 2.6 Armour
 - Level 2.6 Shields
 + Level 3.5 Invocations


You had 6 spell levels left.
You didn't know any spells.

Dungeon Overview and Level Annotations

Branches:
Dungeon (7/15)             Temple (1/1) D:6

Altars:
Ashenzari
Elyvilon
Fedhas
Gozag
Hepliaklqana
Kikubaaqudgha
Makhleb
Nemelex Xobeh
Pakellas
Qazlal
Ru
Sif Muna
Trog
Uskayaw
Vehumet
Xom
Zin
The Shining One

Annotations:
D:5 Ijustatesigmund's ghost, novice DsFi


Innate Abilities, Weirdness & Mutations

You have sharp toenails.
You are partially covered in molten scales. (AC +2)


Message History

You feel very sick. You block something's attack.
You closely miss something.
* * * LOW HITPOINT WARNING * * *
You feel very sick. Something hits you.
* * * LOW HITPOINT WARNING * * *
You sock something! Makhleb accepts your kill.
Reactivating autopickup.
You feel a bit more experienced.
* * * LOW HITPOINT WARNING * * *
You feel very sick.
* * * LOW HITPOINT WARNING * * *
You feel very sick.
Items here: ) = [ † a dagger of venom; a robe; a jade ring; an orc corpse
* * * LOW HITPOINT WARNING * * *
You feel very sick.
You die...

...$
#..# #..
###.#
####...#
#......#
#..)†..#
#...).@#
#......#
#..<...#
#...)..#
#......#
#......#
#(.....#
#......#
########


There were no monsters in sight!

Vanquished Creatures
  Sigmund (D:2)
  2 ogres (D:4)
  A big kobold (D:6)
  A scorpion (D:4)
  A howler monkey (D:5)
  A hound (D:4)
  A giant frog skeleton (D:6)
  An orc priest (D:7)
  2 orc wizards
  An iguana (D:4)
  3 worker ants
  A killer bee zombie (D:5)
  A hound skeleton (D:4)
  10 adders
  A shadow imp (D:5)
  An ooze (D:5)
  4 worms
  2 dart slugs
  5 giant geckos
  11 orcs
  2 giant cockroaches
  10 hobgoblins
  A quokka (D:6)
  2 ball pythons
  7 bats
  A giant gecko skeleton (D:5)
  A giant newt (D:1)
  3 goblins
  A jackal zombie (D:6)
  16 kobolds
  A quokka skeleton (D:4)
  6 rats
102 creatures vanquished.

Notes
Turn   | Place    | Note
-------+----------+-------------------------------------------
     0 | D:1      | Ijustatesigmund the Demonspawn Fighter began the quest for the Orb.
     0 | D:1      | Reached XP level 1. HP: 18/18 MP: 1/1
    28 | D:1      | Reached skill level 2 in Maces & Flails
   173 | D:1      | Gained mutation: You are partially covered in molten scales. (AC +2) [demonic ancestry]
   173 | D:1      | Reached XP level 2. HP: 21/24 MP: 2/2
   630 | D:2      | Reached XP level 3. HP: 27/29 MP: 3/3
   640 | D:2      | Found a deep blue altar of Sif Muna.
   690 | D:2      | Reached skill level 3 in Maces & Flails
   748 | D:2      | Noticed Sigmund
   760 | D:2      | Killed Sigmund
   760 | D:2      | Reached skill level 4 in Maces & Flails
   760 | D:2      | Gained mutation: You have sharp toenails. [demonic ancestry]
   760 | D:2      | Reached XP level 4. HP: 20/37 MP: 4/4
   760 | D:2      | Reached XP level 5. HP: 23/42 MP: 5/5
  1891 | D:3      | Found a deep blue altar of Sif Muna.
  2127 | D:3      | Found a glowing golden altar of the Shining One.
  2263 | D:4      | Reached XP level 6. HP: 37/49 MP: 6/6
  2383 | D:4      | Reached skill level 5 in Maces & Flails
  2388 | D:4      | Reached skill level 5 in Fighting
  2660 | D:4      | Reached XP level 7. HP: 5/56 MP: 7/7
  2719 | D:4      | Reached skill level 6 in Maces & Flails
  3198 | D:5      | Entered Level 5 of the Dungeon
  3206 | D:5      | Noticed Ijustatesigmund's ghost (novice DsFi)
  3657 | D:6      | Upgraded the game from 0.19-a0-1168-g98094fc to 0.19-a0-1170-g18f0c96
  4277 | D:6      | Found a staircase to the Ecumenical Temple.
  4283 | Temple   | Entered the Ecumenical Temple
  4486 | Temple   | Became a worshipper of Makhleb the Destroyer
  4715 | D:7      | Succumbed to an orc wizard's poison

Vault maps used:
D:1:      ncdulo_wetmaze, minivault_25, fountainhead, nrook_mini_vaults
D:2:      old_standard_altar, uniq_sigmund
D:3:      lemuel_upstairs_altar, tso_oasis_becter, led_sif_pool
D:4:      gup_sewer_entry_spiral, wad_rectangle_vault
D:5:      nicolae_dithmenos_the_darkroom, first_bread
D:7:      lemuel_mausoleum_altar_yredelemnul, overflow_temple_1_default,
          serial_shops, shop
Temple:   eino_temple_scatter_basement

Skill      XL: |  1  2  3  4  5  6  7 |
---------------+----------------------+-----
Maces & Flails | 2 4 5 6 |  6.6
Fighting       | 4 5 |  5.8
Invocations    | 3 |  3.5
Armour         | |  2.6
Shields        | |  2.6

Action                   |  1- 3 |  4- 6 |  7- 9 || total
-------------------------+-------+-------+-------++-------
Melee: Flail             |   110 |   106 |   163 ||   379
       Kick              |       |    33 |    43 ||    76
Throw: Throwing net      |       |     2 |       ||     2
  Use: Potion            |     1 |     2 |     2 ||     5
       Scroll            |       |    12 |     4 ||    16
 Stab: Held in net/web   |       |     1 |       ||     1
  Eat: Chunk             |       |     6 |     3 ||     9
       Royal jelly       |       |       |     1 ||     1
       Beef jerky        |       |       |     1 ||     1
Armor: Scale mail        |    77 |     8 |       ||    85
       Ring mail         |       |    19 |    77 ||    96
       Chain mail        |       |     4 |       ||     4
Dodge: Dodged            |    28 |    30 |    64 ||   122
Block: Shield            |    58 |    44 |    98 ||   200
